 Dungeon Crawl Stone Soup version 0.31.0-32-g396128a36d (webtiles) character file.

Game seed: 15880097752420048601

1290 TacoSundae the Carver (level 8, -2/61 HPs)
             Began as a Barachi Gladiator on Apr 13, 2024.
             Slain by Duvessa
             ... wielding a +7 short sword of distortion
              (8 damage)
             ... on level 6 of the Dungeon.
             The game lasted 00:13:52 (4689 turns).

TacoSundae the Carver (Barachi Gladiator)           Turns: 4689, Time: 00:13:52

Health: -2/61      AC:  9    Str: 15    XL:     8   Next: 55%
Magic:  8/8        EV: 14    Int:  9    God:
Gold:   274        SH:  0    Dex: 16    Spells: 7/7 levels left

rFire   . . .        a - +1 long sword
rCold   . . .        (no shield)
rNeg    . . .        m - +0 ring mail
rPois   +            o - +0 helmet
rElec   .            g - +0 cloak
rCorr   .            (no gloves)
SInv    .            v - +1 pair of boots
Will    .....        (no amulet)
Stlth   +            s - ring of poison resistance
HPRegen 0.30/turn    (no ring)
MPRegen 0.11/turn

%: no passive effects
@: hasted, invisible, very quick
A: amphibious, slowness 1, strong legs 1, +LOS
a: Hop


You were on level 6 of the Dungeon.
You visited 2 branches of the dungeon, and saw 7 of its levels.
You also visited: Ossuary.

You collected 274 gold pieces.

Inventory:

Hand Weapons
 a - a +1 long sword (weapon)
 x - the +5 sling of Friendship {drain, rElec}
   (You found it on level 4 of the Dungeon)

   rElec:     It insulates you from electricity.
Missiles
 d - 3 throwing nets (quivered)
 e - a javelin
Armour
 g - a +0 cloak (worn)
 m - a +0 ring mail (worn)
 o - a +0 helmet (worn)
 v - a +1 pair of boots (worn)
Jewellery
 f - a +6 ring of strength
 s - a ring of poison resistance (left hand)
Wands
 b - a wand of acid (8)
 A - a wand of polymorph (4)
Scrolls
 c - 2 scrolls of revelation
 p - a scroll of noise
 u - a scroll of immolation
 y - 4 scrolls of teleportation
Potions
 h - 2 potions of magic
 i - 4 potions of curing
 k - a potion of lignification
 l - a potion of attraction
 n - a potion of invisibility
 q - 3 potions of haste
 r - 3 potions of mutation
 t - a potion of might
 w - a potion of brilliance {unknown}
 z - a potion of cancellation {unknown}
 B - a potion of heal wounds {unknown}


   Skills:
 + Level 4.5 Fighting
 * Level 10.0 Long Blades
 - Level 2.0 Throwing
 + Level 6.8 Dodging


You had 7 spell levels left.
You didn't know any spells.
Your spell library contained the following spells:

 Spells                   Type           Power      Damage    Failure   Level
 Summon Small Mammal      Summ           0%         N/A       63%         1
 Cigotuvi's Dreadful Rot  Necr/Alch/Air  0%         N/A       77%         2
 Mercury Vapours          Alch/Air       0%         N/A       77%         2
 Call Canine Familiar     Summ           0%         N/A       94%         3
 Mephitic Cloud           Conj/Alch/Air  0%         N/A       94%         3
 Volatile Blastmotes      Fire/Tloc      0%         2d10      94%         3
 Fulminant Prism          Conj/Alch      0%         3d5       100%        4
 Ignite Poison            Fire/Alch      0%         N/A       100%        4
 Iskenderun's Mystic Bla  Conj/Tloc      0%         2d3       100%        4
 Summon Blazeheart Golem  Fire/Summ      0%         N/A       100%        4
 Freezing Cloud           Conj/Ice/Air   0%         6-21      100%        5


Dungeon Overview and Level Annotations

Branches:
Dungeon (6/15)             Temple (1/1) D:4         Ossuary (visited)

Altars:
Ashenzari
Cheibriados
Elyvilon
Fedhas
Gozag
Hepliaklqana
Kikubaaqudgha
Qazlal
Ru
Trog
Uskayaw
Vehumet
Wu Jian
Xom
Zin
The Shining One

Shops:
D:4 [

Annotations:
D:6 Dowan, Duvessa


Innate Abilities, Weirdness & Mutations

You are amphibious.
You cover ground slowly.
You can hop short distances.
You have an extended range of vision and can be seen from far away.


Message History

There is an escape hatch in the floor here.
Found a stone staircase leading down.
You now have 274 gold pieces (gained 7).
Dowan, Brother of Duvessa comes into view.
He is wielding a +3 dagger and wearing a +2 robe of willpower.
Dowan shouts!
Duvessa, Sister of Dowan comes into view.
She is wielding a +7 short sword of distortion.
Unknown command.
You feel yourself speed up.
You hit Duvessa.
Duvessa is lightly wounded.
Duvessa hits you with a +7 short sword of distortion!
Space warps around you.
Dowan points at Duvessa and mumbles some strange words.
Duvessa seems to speed up.
You slash Duvessa!
Duvessa is heavily wounded.
You slash Duvessa! You punch Duvessa, but do no damage.
Duvessa is severely wounded.
You hit Duvessa.
Duvessa is almost dead.
Duvessa hits you but does no damage. Space warps horribly around you!
You hit Duvessa but do no damage.
Duvessa is almost dead.
Duvessa hits you with a +7 short sword of distortion.
Space warps horribly around you. Dowan barely misses you.
You hit Duvessa but do no damage.
Duvessa is severely wounded.
Duvessa says, "My weaknesses are his strengths!"
Duvessa hits you with a +7 short sword of distortion!
* * * LOW HITPOINT WARNING * * *
Space warps around you.
* * * LOW HITPOINT WARNING * * *
Dowan points at you and mumbles some strange words.
The puff of frost hits you.
* * * LOW HITPOINT WARNING * * *
Okay, then.
Unknown command.
You fade into invisibility!
Duvessa hits you with a +7 short sword of distortion!
You die...

.##............##
.##.............#
.##.............#
.##.............##
.##..............#
.##....##'#....###
.......##.#....#
#..............###
#.#.#####.##....@#
#.#.# #.######ee#
#.#.# #.# ##....
#.#.. ####...
#'#.. # ......
...... ... ..


You could see Duvessa (fast, unable to see you) and Dowan (unable to see you).

Vanquished Creatures
  Sigmund (D:2)
  A black bear (D:5)
  An ogre (D:5)
  A weeping skull (Ossuary)
  3 elf zombies (Ossuary)
  A scorpion (D:5)
  A howler monkey (D:5)
  A human zombie (Ossuary)
  2 centaur zombies (Ossuary)
  2 orc priests (D:4)
  A hound (D:4)
  A sleepcap (D:6)
  3 iguanas
  3 orc wizards
  A bullfrog simulacrum (Ossuary)
  A hound zombie (Ossuary)
  3 mummies (Ossuary)
  Robin (D:2)
  4 adders
  A shadow imp (D:5)
  A white imp (D:6)
  2 adder zombies (Ossuary)
  A ribbon worm (D:5)
  11 orcs
  7 ball pythons
  7 endoplasms
  3 gnoll zombies (Ossuary)
  16 goblins
  9 hobgoblins
  3 jackals (D:1)
  4 quokkas
  7 ball python zombies (Ossuary)
  2 bats
  4 frilled lizards
  5 jackal zombies (Ossuary)
  3 kobolds
  3 kobold zombies (Ossuary)
  An orc zombie (Ossuary)
  4 rats
126 creatures vanquished.

Notes
Turn   | Place    | Note
-------+----------+-------------------------------------------
     0 | D:1      | TacoSundae the Barachi Gladiator began the quest for the
                  | Orb.
     0 | D:1      | Reached XP level 1. HP: 17/17 MP: 1/1
   393 | D:1      | Reached skill level 4 in Long Blades
   396 | D:1      | Reached XP level 2. HP: 19/23 MP: 2/2
   757 | D:2      | Reached XP level 3. HP: 28/28 MP: 3/3
   852 | D:2      | Noticed Sigmund
   859 | D:2      | Killed Sigmund
   860 | D:2      | Reached skill level 6 in Long Blades
   860 | D:2      | Reached XP level 4. HP: 28/34 MP: 4/4
   860 | D:2      | Reached XP level 5. HP: 32/39 MP: 5/5
  1011 | D:2      | Noticed Robin
  1042 | D:2      | Killed Robin
  1260 | D:2      | Reached XP level 6. HP: 36/46 MP: 6/6
  1603 | D:3      | Found a faded altar of an unknown god.
  1706 | D:3      | Reached skill level 5 in Dodging
  1745 | D:3      | Reached skill level 7 in Long Blades
  1768 | D:3      | You fall into a shaft and drop 1 floor!
  2156 | D:4      | Found Roejoid's Antique Armour Boutique.
  2699 | D:4      | Found a staircase to the Ecumenical Temple.
  2708 | Temple   | Entered the Ecumenical Temple
  2768 | D:4      | Identified the +5 sling of Friendship {drain, rElec}
  2960 | D:5      | Entered Level 5 of the Dungeon
  2978 | D:5      | Reached XP level 7. HP: 46/51 MP: 7/7
  3110 | D:5      | Reached skill level 8 in Long Blades
  3133 | D:5      | Found a sand-covered staircase.
  3168 | Ossuary  | Entered an ossuary
  3395 | Ossuary  | Reached skill level 9 in Long Blades
  3468 | Ossuary  | Reached XP level 8. HP: 44/58 MP: 8/8
  4290 | D:6      | Found a hazy altar of Hepliaklqana.
  4293 | D:6      | Found a broken altar of Ashenzari.
  4374 | D:6      | Reached skill level 10 in Long Blades
  4679 | D:6      | Noticed Dowan
  4679 | D:6      | Noticed Duvessa
  4689 | D:6      | Slain by Duvessa

Illustrated notes

Levels and vault maps discovered:
D:1:      dpeg_arrival_castle, layout_basic
D:2:      layout_loops_cross, st_stairs_11, uniq_sigmund, uniq_robin
D:3:      layout_basic, basic_ecumenical_altar
D:4:      layout_loops_ring, minmay_temple_entry_proselytizer, serial_shops,
          nicolae_shop_dealshenge
D:5:      layout_basic, nicolae_ossuary_entry_false_entrances,
          nrook_mini_backslash
D:6:      black_bear_nest_1, layout_basic, grunt_temple_overflow_open,
          chequers_temple_overflow_minitemple, minmay_tree_intersection,
          uniq_blork_the_orc, uniq_grinder, uniq_duvessa
Temple:   eino_narrow_crystal_temple

Skill      XL: |  1  2  3  4  5  6  7  8 |
---------------+-------------------------+-----
Long Blades    | 4 6 7 9 10 | 10.0
Dodging        | 4 5 6 |  6.8
Fighting       | 3 4 |  4.5
Throwing       | |  2.0

Action                     |  1- 3 |  4- 6 |  7- 9 || total
---------------------------+-------+-------+-------++-------
  Melee: Long sword        |    85 |   189 |   287 ||   561
         Punch             |       |     2 |     9 ||    11
  Throw: Throwing net      |       |       |     1 ||     1
    Use: Potion            |     2 |       |     2 ||     4
         Scroll            |       |       |    16 ||    16
 Armour: Leather armour    |    31 |       |       ||    31
         Ring mail         |    14 |   119 |   170 ||   303
  Dodge: Dodged            |    52 |   105 |   172 ||   329
